 Dungeon Crawl Stone Soup version 0.21.1-1-g345015fe64 (webtiles) character file.

461 kripto the Insei (level 7, -2/48 HPs)
             Began as a Merfolk Transmuter on July 5, 2018.
             Slain by Duvessa
             ... wielding a +0 short sword
              (4 damage)
             ... on level 4 of the Dungeon.
             The game lasted 00:07:49 (4266 turns).

kripto the Insei (Merfolk Transmuter)               Turns: 4266, Time: 00:07:49

Health: -2/48      AC:  2    Str: 13    XL:     7   Next: 7%
Magic:  2/10       EV: 21    Int: 12    God:
Gold:   99         SH:  0    Dex: 19    Spells: 4/10 levels left

rFire    . . .     SeeInvis .     - Unarmed
rCold    . . .     Gourm    +   (shield currently unavailable)
rNeg     . . .     Faith    .   (armour currently unavailable)
rPois    .         Spirit   .   (helmet currently unavailable)
rElec    .         Reflect  .   (cloak currently unavailable)
rCorr    .         Harm     .   (gloves currently unavailable)
MR       +....                  (boots currently unavailable)
Stlth    ++........             o - amulet of the gourmand
HPRegen  0.16/turn              q - ring of protection from magic
MPRegen  0.12/turn              f - ring of poison resistance

@: spider-form (expiring)
A: tiny, (change form in water), (swift swim), (stealthy swim)
a: End Transformation


You were on level 4 of the Dungeon.
You were not hungry.
You were a venomous arachnid creature.
You visited 1 branch of the dungeon, and saw 4 of its levels.

You collected 159 gold pieces.
You spent 60 gold pieces at shops.

Inventory:

Missiles
 a - 23 arrows
Armour
 b - a +0 robe (melded)
 j - a +1 pair of boots (melded)
Jewellery
 f - a ring of poison resistance (right front leg)
 o - an amulet of the gourmand (around neck)
 q - a ring of protection from magic (left front leg)
 t - an uncursed ring of stealth
Scrolls
 e - a scroll of enchant weapon
 i - a scroll of noise {unknown}
 k - a scroll of identify
Potions
 h - a potion of haste {unknown}
 n - a potion of heal wounds
 p - a potion of might {unknown}
 r - a potion of ambrosia {unknown}
 u - 4 potions of brilliance {unknown}
Books
 c - a book of Changes

   Spells                             Type                      Level
   a - Beastly Appendage              Transmutation                1
   b - Sticks to Snakes               Transmutation                2
   c - Spider Form                    Transmutation/Poison         3
   d - Ice Form                       Ice/Transmutation            4
   e - Blade Hands                    Transmutation                5
Comestibles
 d - 7 rations


   Skills:
 - Level 1.1 Fighting
 - Level 2.6 Dodging
 + Level 6.7 Unarmed Combat
 - Level 2.0 Spellcasting
 - Level 6.2 Transmutations
 * Level 1.6 Poison Magic


You had 4 spell levels left.
You knew the following spells:

 Your Spells              Type           Power        Failure   Level  Hunger
a - Beastly Appendage     Tmut           ###...       8%          1    ##.....
b - Sticks to Snakes      Tmut           ###.....     11%         2    ###....
c - Spider Form           Tmut/Pois      ##........   34%         3    ####...


Dungeon Overview and Level Annotations

Branches:
Dungeon (4/15)
 Temple: D:4-7

Altars:
Uskayaw

Shops:
D:4 !

Annotations:
D:4 Duvessa


Message History

Duvessa misses you.
You bite Duvessa!
Duvessa looks as sick as possible!
Duvessa is moderately wounded.
You feel sick. Duvessa misses you.
You bite Duvessa!
Duvessa looks as sick as possible!
Duvessa is moderately wounded.
Duvessa hits you with a short sword.
* * * LOW HITPOINT WARNING * * *
You bite Duvessa!
Duvessa looks as sick as possible!
Duvessa is heavily wounded.
* * * LOW HITPOINT WARNING * * *
You feel sick. Duvessa hits you but does no damage.
Duvessa hits you with a short sword.
* * * LOW HITPOINT WARNING * * *
You feel better. Duvessa closely misses you.
Duvessa hits you with a short sword!
* * * LOW HITPOINT WARNING * * *
Your transformation is almost over.
Duvessa hits you with a short sword.
You die...

#.# ##.#...###### #....
#.# #.#...# #.###
#.....## #.# #
####...#### #.# #
#.....[## #.# #
####...##..#######)##
#....>..............##
#......####..####..e..
###..s..# ##....##<###
#.##e.#######.......
#.###.....##.......# #.#
#.###..........# #.#
#..# ##........#
#####.###..# ##........
..........## #.......#
##....†...######........
#.##.###.....)........#


You could see Duvessa (berserk).

Vanquished Creatures
  An ogre (D:4)
  A centaur (D:4)
  Dowan (D:4)
  A scorpion (D:4)
  A howler monkey (D:4)
  A worker ant (D:4)
  3 adders
  An ooze (D:1)
  An adder skeleton (D:4)
  An adder zombie (D:3)
  A worm (D:4)
  A dart slug (D:2)
  A leopard gecko (D:3)
  4 orcs (D:3)
  5 giant cockroaches
  9 goblins
  8 hobgoblins
  13 jackals
  8 kobolds
  5 quokkas
  3 ball pythons
  9 bats
  3 frilled lizards
  11 rats
93 creatures vanquished.

Notes
Turn   | Place    | Note
-------+----------+-------------------------------------------
     0 | D:1      | kripto the Merfolk Transmuter began the quest for the Orb.
     0 | D:1      | Reached XP level 1. HP: 15/15 MP: 3/3
   272 | D:1      | Reached XP level 2. HP: 10/21 MP: 3/5
   608 | D:1      | Reached XP level 3. HP: 17/26 MP: 4/6
   774 | D:1      | Learned a level 2 spell: Sticks to Snakes
   778 | D:1      | Learned a level 3 spell: Spider Form
  1327 | D:2      | Reached skill level 1 in Poison Magic
  1337 | D:2      | Reached skill level 5 in Transmutations
  1566 | D:2      | Reached XP level 4. HP: 25/32 MP: 3/7
  1707 | D:2      | Found a hide-covered altar of Uskayaw.
  3257 | D:3      | Reached XP level 5. HP: 37/37 MP: 4/8
  3577 | D:4      | Found Qeotul's Distillery.
  3577 | D:4      | Noticed a centaur
  3580 | D:4      | Noticed Dowan
  3580 | D:4      | Noticed an ogre
  3651 | D:4      | Killed a centaur
  3651 | D:4      | Reached skill level 5 in Unarmed Combat
  3651 | D:4      | Reached XP level 6. HP: 23/43 MP: 2/9
  3797 | D:4      | Noticed Duvessa
  4125 | D:4      | Bought a potion of degeneration for 10 gold pieces
  4125 | D:4      | Bought a potion of heal wounds for 50 gold pieces
  4246 | D:4      | Killed Dowan
  4246 | D:4      | Reached XP level 7. HP: 33/48 MP: 7/10
  4262 | D:4      | HP: 1/48 [Duvessa/short sword (2)]
  4266 | D:4      | Slain by Duvessa

Skill      XL: |  1  2  3  4  5  6 |
---------------+-------------------+-----
Transmutations | 3 4 5 6 |  6.2
Poison Magic   | 1 |  1.6
Unarmed Combat | 5 6 |  6.7
Fighting       | |  1.1
Dodging        | |  2.6
Spellcasting   | |  2.0

Action                   |  1- 3 |  4- 6 |  7- 9 || total
-------------------------+-------+-------+-------++-------
Melee: Unarmed           |   132 |   189 |     5 ||   326
       Headbutt          |    10 |     4 |       ||    14
       Punch             |     2 |       |       ||     2
 Cast: Beastly Appendage |    13 |     4 |       ||    17
       Spider Form       |     1 |    10 |     1 ||    12
       Sticks to Snakes  |     1 |       |     2 ||     3
  Use: Scroll            |     1 |     7 |       ||     8
       Potion            |       |     1 |     2 ||     3
 Stab: Sleeping          |     4 |     3 |       ||     7
  Eat: Chunk             |     3 |    13 |       ||    16
Armor: Robe              |    17 |    35 |       ||    52
       Skin              |       |     3 |       ||     3
Dodge: Dodged            |    81 |   203 |     6 ||   290
